 Dungeon Crawl Stone Soup version 0.27-a0-1193-g8631133539 (webtiles) character file.

Game seed: 17525357174264490116

45185 Mesmaeker13 the Summoner (level 14, -3/90 HPs)
             Began as an Octopode Summoner on May 25, 2021.
             Was an Elder of Sif Muna.
             Collided with a rock wall (15 damage)
             ... caused by a rakshasa
             ... summoned by a boggart
             ... on level 15 of the Dungeon.
             The game lasted 01:31:58 (38760 turns).

Mesmaeker13 the Summoner (Octopode Summoner)       Turns: 38760, Time: 01:31:59

Health: -3/90      AC:  1    Str: 14    XL:     14   Next: 32%
Magic:  9/26       EV: 16    Int: 27    God:    Sif Muna [****..]
Gold:   1549       SH: 12    Dex: 14    Spells: 6/29 levels left

rFire    + + .     SeeInvis +   t - +3 spear "Meppusib" {venom, rF++}
rCold    + + +     Faith    .   n - +2 buckler of the Iron Devil {rC++ Slay-2 Stlth+}
rNeg     + . .     Spirit   .   (helmet restricted)
rPois    +         Reflect  +   P - amulet of reflection
rElec    .         Harm     .   y - +6 ring of dexterity
rCorr    +         Rampage  .   M - +6 ring of intelligence
Will     ++...                  D - ring of see invisible
Stlth    ++++......             I - ring of wizardry
HPRegen  0.25/turn              h - ring of willpower
MPRegen  0.20/turn              N - ring "Zidd" {Ice rPois rN+ Str+5 Dex-4}
                                L - ring of protection from fire
                                O - ring of resist corrosion

@: no status effects
A: almost no armour, amphibious, 8 rings, camouflage 1, gelatinous body 1,
(nimble swimmer 1), tentacles
a: Renounce Religion, Channel Magic, Forget Spell, Divine Exegesis


You were on level 15 of the Dungeon.
You worshipped Sif Muna.
Sif Muna was greatly pleased with you.
You visited 4 branches of the dungeon, and saw 24 of its levels.
You also visited: Ossuary.

You collected 2421 gold pieces.
You spent 872 gold pieces at shops.

Inventory:

Hand Weapons
 a - the +9 longbow of Xom's Castigation {flame, rPois rF+ Dex+6}
   (You acquired it on level 2 of the Dungeon)

   It causes projectiles fired from it to burn those they strike, causing extra
   injury to most foes and up to half again as much damage against particularly
   susceptible opponents.
   It affects your dexterity (+6).
   It protects you from fire.
   It protects you from poison.
 t - the +3 spear "Meppusib" (weapon) {venom, rF++}
   (You found it on level 12 of the Dungeon)

   It poisons the flesh of those it strikes.
   It greatly protects you from fire.
Missiles
 f - 454 arrows
 k - 2 throwing nets (quivered)
 C - 3 curare-tipped darts
Armour
 n - the +2 buckler of the Iron Devil (worn) {rC++ Slay-2 Stlth+}
   (You acquired it on level 9 of the Dungeon)

   It affects your accuracy and damage with ranged weapons and melee attacks
   (-2).
   It greatly protects you from cold.
   It makes you more stealthy.
 x - a +0 buckler of fire resistance
Jewellery
 h - a ring of willpower (on tentacle)
 i - the amulet "Uxze" {Will++ Regen+ Str+3 Stlth+}
   (You bought it in a shop on level 2 of the Orcish Mines)

   [amulet of regeneration]

   It affects your strength (+3).
   It increases your rate of health regeneration.
   It greatly increases your willpower.
   It makes you more stealthy.
 y - a +6 ring of dexterity (left tentacle)
 D - a ring of see invisible (on tentacle)
 I - a ring of wizardry (on tentacle)
 L - a ring of protection from fire (on tentacle)
 M - a +6 ring of intelligence (right tentacle)
 N - the ring "Zidd" (on tentacle) {Ice rPois rN+ Str+5 Dex-4}
   (You found it on level 6 of the Lair of Beasts)

   [ring of ice]

   It enhances your ice magic.
   It affects your strength (+5).
   It affects your dexterity (-4).
   It makes you vulnerable to fire.
   It protects you from cold.
   It protects you from poison.
   It protects you from negative energy.
 O - a ring of resist corrosion (on tentacle)
 P - an amulet of reflection (around mantle)
Wands
 j - a wand of paralysis (11)
 o - a wand of digging (8)
 q - a wand of charming (7)
 E - a wand of acid (8)
Scrolls
 b - 2 scrolls of fog {unknown}
 c - 2 scrolls of vulnerability {unknown}
 g - 2 scrolls of immolation
 l - 5 scrolls of teleportation
 m - a scroll of silence {unknown}
 w - a scroll of enchant armour
 B - 4 scrolls of fear
 F - a scroll of magic mapping
Potions
 d - 6 potions of heal wounds
 e - 6 potions of brilliance
 p - a potion of flight {unknown}
 r - 5 potions of curing
 s - 8 potions of lignification
 u - a potion of attraction {unknown}
 v - a potion of cancellation {unknown}
 z - 3 potions of might
 A - 2 potions of magic
 G - a potion of resistance {unknown}
 H - 4 potions of haste
 K - a potion of mutation


   Skills:
 + Level 6.7 Fighting
 - Level 2.1 Bows
 - Level 7.4 Dodging
 - Level 2.6 Stealth
 - Level 4.0 Shields
 + Level 8.1 Spellcasting
 + Level 12.7 Summonings
 - Level 10.0 Ice Magic
 - Level 10.0 Air Magic
 + Level 9.3 Invocations


You had 6 spell levels left.
You knew the following spells:

 Your Spells              Type           Power      Damage    Failure   Level
a - Ozocubu's Armour      Ice            78%        N/A       1%          3
b - Call Imp              Summ           68%        N/A       1%          2
c - Call Canine Familiar  Summ           68%        N/A       1%          3
d - Summon Ice Beast      Ice/Summ       83%        N/A       1%          4
e - Summon Lightning Spi  Summ/Air       64%        N/A       1%          4
f - Monstrous Menagerie   Summ           34%        N/A       10%         7

Your spell library contained the following spells:

 Spells                   Type           Power      Damage    Failure   Level
 Freeze                   Ice            100%       1d11      1%          1
 Summon Small Mammal      Summ           100%       N/A       1%          1
 Frozen Ramparts          Ice            100%       1d12      1%          3
 Summon Guardian Golem    Hex/Summ       45%        N/A       1%          3
 Animate Skeleton         Necr           22%        N/A       2%          1
 Apportation              Tloc           22%        N/A       2%          1
 Corona                   Hex            12%        N/A       2%          1
 Magic Dart               Conj           44%        1d5       2%          1
 Hailstorm                Conj/Ice       55%        3d12      2%          4
 Searing Ray              Conj           22%        3d3       3%          2
 Dazzling Flash           Conj/Hex       22%        N/A       6%          3
 Metabolic Englaciation   Hex/Ice        27%        N/A       8%          5
 Silence                  Hex/Air        19%        N/A       8%          5
 Cause Fear               Hex            5%         N/A       21%         4
 Fulminant Prism          Conj/Hex       5%         3d7       21%         4
 Iskenderun's Mystic Bla  Conj/Tloc      11%        2d4       21%         4
 Sticky Flame             Conj/Fire      11%        2d3       21%         4
 Conjure Ball Lightning   Conj/Air       19%        3x3d6     38%         6
 Yara's Violent Unravell  Hex/Tmut       5%         3d4       47%         5
 Summon Horrible Things   Summ           34%        N/A       56%         8
 Spellforged Servitor     Conj/Summ      22%        N/A       75%         7
 Discord                  Hex            5%         N/A       100%        8
 Fire Storm               Conj/Fire      5%         8d2       100%        9
 Tornado                  Air            30%        N/A       100%        9


Dungeon Overview and Level Annotations

Branches:
Dungeon (15/15)            Temple (1/1) D:7            Lair (6/6) D:9
 Spider (0/4) Lair:2        Slime (0/5) Lair:6          Orc (2/2) D:12
    Elf (0/3) Orc:2        Vaults (0/5) D:13        Ossuary (visited)
  Swamp: Lair:2-4    Shoals: Lair:2-4    Depths: D:15

Altars:
Ashenzari
Cheibriados
Dithmenos
Elyvilon
Fedhas
Gozag
Hepliaklqana
Kikubaaqudgha
Makhleb
Nemelex Xobeh
Okawaru
Qazlal
Ru
Sif Muna
Trog
Uskayaw
Vehumet
Wu Jian
Xom
Yredelemnul
Zin
The Shining One
Beogh
Jiyva

Shops:
D:13 [   Orc:1 [   Orc:2 [*=

Annotations:
D:3 1 runed translucent door, Flippered's ghost, amateur NaTm
D:9 exclusion: ice statue
Lair:4 2 transporters, 2 exclusions
Lair:6 exclusion: oklob plant
Orc:2 3 runed translucent doors, Eptagon's ghost, journeyman DEIE


Innate Abilities, Weirdness & Mutations

You cannot wear most types of armour.
You are amphibious.
You can wear up to eight rings at the same time.
Your skin changes colour to match your surroundings (Stealth+).
Your rubbery body absorbs attacks. (AC +1, EV +1)
((You are camouflaged near water. (Stealth+)))
You have tentacles for arms and can constrict up to eight enemies at once.


Message History

You swap places.
The efreet hits your ice beast with a +4 scimitar of flaming!!
The efreet melts your ice beast!
Your ice beast dies!
Casting: Summon Ice Beast (safe; 1% risk of failure)
Confirm with . or Enter, or press ? or * to list all spells.
You feel a surge of power! A chill wind blows around you.
You swap places.
The efreet barely misses your ice beast.
Your ice beast hits the efreet.
Your ice beast freezes the efreet!!
The efreet is frozen!
The rakshasa blinks!
The efreet hits your ice beast with a +4 scimitar of flaming!!
The efreet melts your ice beast!
The boggart gestures at itself while chanting.
The boggart flickers and vanishes for a moment.
Your ice beast hits the efreet but does no damage.
You see here a +0 dagger.
You barely miss the rakshasa. Your grab misses the rakshasa.
Your squeeze misses the rakshasa.
The rakshasa is lightly wounded.
You block the rakshasa's attack. The efreet gestures at your ice beast.
The fireball explodes!
The fireball engulfs your ice beast!!
Your ice beast melts!
Your ice beast dies!
The fireball engulfs the efreet.
The efreet completely resists.
The rakshasa gestures at you. The lance of force hits you!!
You are knocked back by the lance of force.
You slam into the rock wall!
The boggart mumbles some strange words.
Send 'em back where they came from!
Unknown command.
The rakshasa gestures at you. The lance of force hits you!!
* * * LOW HITPOINT WARNING * * *
You are knocked back by the lance of force.
You slam into the rock wall!
You die...

#.......# #.#####.####
#.#####....###
#........#...###
########.##.#.........
#g.°○R)..........##.#
###.#####.R...#.#.)...#
#...○☼○###.####(#<##..#
# #.#.##R#
#.@....#.##..#.# #.#8#
g# ######.........#
#.#Y# g# ######.####
#.#.# R# #.# #.... Yg
#.# ##.## ## #.# . ...
... #.


You could see a rakshasa (summoned) and an efreet (summoned).

Vanquished Creatures
  2 centaur warriors
  A catoblepas (Lair:6)
  A deep elf pyromancer (D:15)
  3 orc sorcerers
  3 centaur zombies
  Maggie (D:8)
  A komodo dragon (Lair:6)
  A troll (D:13)
  A blink frog (Lair:6)
  3 humans (D:13)
  6 yaks
  Eustachio (D:4)
  A steam dragon (D:6)
  2 water moccasins
  5 orc warriors
  A sky beast (D:6)
  4 black bears
  A necrophage (D:4)
  An ogre (Orc:1)
  A boggart (D:15)
  2 centaurs
  A gnoll sergeant (D:9)
  6 bullfrogs
  A wyvern skeleton (D:7)
  An electric eel (Lair:4)
  3 howler monkeys (D:11)
  5 lava snakes (D:9)
  2 hounds
  A jelly (D:4)
  3 orc priests
  Jessica (D:2)
  3 iguanas
  Ijyb (D:3)
  17 orc wizards
  A polar bear simulacrum (Lair:3)
  A killer bee zombie (D:7)
  6 mummies
  3 adders
  A shadow imp (D:6)
  2 white imps
  An ufetubus (D:6)
  A worm (D:4)
  3 dart slugs
  18 orcs
  2 ball pythons
  A bat (D:1)
  2 endoplasms
  2 giant cockroaches (D:3)
  9 goblins
  4 hobgoblins
  6 kobolds
  A quokka (D:3)
  2 frilled lizards (D:2)
  A gnoll zombie (Ossuary)
  A hobgoblin zombie (D:5)
  3 orc zombies
  5 rats
163 creatures vanquished.

Vanquished Creatures (collateral kills)
  Saint Roka (Orc:2)
  A dire elephant (Lair:6)
  Nessos (D:12)
  An ettin (Orc:1)
  2 boulder beetles (D:13)
  A vault guard (D:13)
  A centaur warrior (D:13)
  11 hydras
  2 two-headed ogres
  A deep troll shaman (Lair:6)
  An orc high priest (Orc:2)
  11 death yaks
  Nergalle (Lair:1)
  Pikel (D:8)
  A wizard (D:14)
  A necromancer (Lair:3)
  An orc knight (Orc:2)
  4 orc sorcerers (Orc:2)
  7 ugly things
  A nameless horror (Orc:1)
  5 cyclopes
  2 manticores
  19 elephants
  A black mamba (Lair:6)
  A torpor snail (Lair:6)
  A gargoyle (D:12)
  9 cane toads
  11 komodo dragons
  2 rime drakes
  A freezing wraith (D:14)
  3 trolls (Orc:2)
  Grinder (D:3)
  11 blink frogs
  5 slime creatures (D:12)
  6 dream sheep (Lair:4)
  Sigmund (D:3)
  5 wraiths
  47 yaks
  A vampire (D:11)
  8 wyverns
  2 basilisks
  7 humans (D:13)
  A swamp worm (Lair:4)
  2 wargs (Orc:2)
  2 acid dragons
  9 water moccasins
  21 orc warriors
  4 black bears
  A necrophage (D:7)
  9 wolves
  8 centaurs
  5 ogres
  A centaur (shapeshifter) (D:14)
  A phantom (D:6)
  7 bullfrogs
  3 killer bees (D:9)
  2 howler monkeys
  2 centaur zombies
  A bullfrog zombie (D:5)
  2 hounds (D:3)
  17 orc priests
  2 iguanas
  26 orc wizards
  2 yak simulacra (Lair:3)
  A wolf simulacrum (Lair:3)
  7 polar bear simulacra (Lair:3)
  3 mummies (Ossuary)
  Robin (D:2)
  A howler monkey zombie (D:10)
  6 gnolls
  An adder (D:2)
  A white imp (D:6)
  53 orcs
  4 endoplasms (D:1)
  2 gnoll zombies (Ossuary)
  6 goblins (D:2)
  4 hobgoblins
  2 quokkas (D:1)
  2 ball pythons
  A hobgoblin zombie (Ossuary)
  A kobold zombie (Ossuary)
  An orc zombie (Ossuary)
  3 rats
428 creatures vanquished.

Vanquished Creatures (others)
  A human (D:13)
  2 bushes
  26 fungi
  75 plants
  11 toadstools (Lair:6)
115 creatures vanquished.

Grand Total: 706 creatures vanquished

Notes
Turn   | Place    | Note
-------+----------+-------------------------------------------
     0 | D:1      | Mesmaeker13 the Octopode Summoner began the quest for the
                  | Orb.
     0 | D:1      | Reached XP level 1. HP: 11/11 MP: 3/3
   748 | D:1      | Reached XP level 2. HP: 16/17 MP: 5/5
  1441 | D:2      | Identified a scroll of acquirement
  1443 | D:2      | Acquired the +9 longbow of Xom's Castigation {flame, rPois
                  | rF+ Dex+6}
  1454 | D:2      | Learned a level 2 spell: Call Imp
  1625 | D:2      | Reached XP level 3. HP: 18/21 MP: 6/6
  1794 | D:2      | Found a faded altar of an unknown god.
  1831 | D:2      | Noticed Jessica
  1835 | D:2      | Killed Jessica
  2061 | D:2      | Reached XP level 4. HP: 27/27 MP: 8/8
  2083 | D:2      | Noticed Robin
  2204 | D:2      | Killed Robin
  2524 | D:3      | Learned a level 3 spell: Call Canine Familiar
  2866 | D:3      | Reached XP level 5. HP: 25/31 MP: 2/9
  2940 | D:3      | Noticed Grinder
  3015 | D:4      | Noticed Eustachio
  3020 | D:4      | Noticed a necrophage
  3097 | D:3      | Found a runed translucent door.
  3101 | D:3      | Noticed Flippered's ghost (amateur NaTm)
  3171 | D:3      | Noticed Sigmund
  3194 | D:3      | Killed Sigmund
  3195 | D:3      | Reached skill level 5 in Summonings
  3302 | D:4      | Reached XP level 6. HP: 36/36 MP: 11/11
  3491 | D:5      | Entered Level 5 of the Dungeon
  3611 | D:5      | Noticed a black bear
  3616 | D:5      | Killed a black bear
  3642 | D:5      | Found a sand-covered staircase.
  3653 | Ossuary  | Entered an ossuary
  4088 | D:5      | Learned a level 4 spell: Summon Ice Beast
  4132 | D:5      | Reached XP level 7. HP: 41/41 MP: 2/13
  4450 | D:5      | Reached skill level 5 in Dodging
  4450 | D:5      | Reached skill level 6 in Summonings
  4644 | D:5      | Noticed a two-headed ogre
  5074 | D:3      | Killed Grinder
  5075 | D:3      | Reached XP level 8. HP: 46/46 MP: 4/15
  5430 | D:3      | Noticed Ijyb
  5905 | D:3      | Killed Ijyb
  6115 | D:4      | Reached skill level 5 in Spellcasting
  6134 | D:4      | Killed Eustachio
  6402 | D:4      | Found a sacrificial altar of Ru.
  6968 | D:5      | Killed a two-headed ogre
  6969 | D:5      | Reached skill level 7 in Summonings
  7083 | D:5      | Reached XP level 9. HP: 51/51 MP: 17/17
  7501 | D:6      | Learned a level 4 spell: Summon Lightning Spire
  7544 | D:6      | Reached skill level 1 in Air Magic
  7545 | D:6      | Reached skill level 5 in Ice Magic
  8549 | D:7      | Reached skill level 8 in Summonings
  8556 | D:7      | Learned a level 3 spell: Ozocubu's Armour
  8699 | D:7      | Found a sparkling altar of Nemelex Xobeh.
  8700 | D:7      | Found a hide-covered altar of Uskayaw.
  8873 | D:7      | Found a staircase to the Ecumenical Temple.
  9665 | Temple   | Entered the Ecumenical Temple
  9780 | Temple   | Became a worshipper of Sif Muna the Loreminder
  9844 | D:8      | Noticed Maggie
  9865 | D:8      | Killed Maggie
  9866 | D:8      | Reached skill level 1 in Bows
  9866 | D:8      | Reached XP level 10. HP: 54/56 MP: 5/19
 10245 | D:8      | Noticed Pikel
 10258 | D:8      | Killed Pikel
 10975 | D:9      | Acquired the +2 buckler of the Iron Devil {rC++ Slay-2
                  | Stlth+}
 11112 | D:9      | Found a basalt altar of Yredelemnul.
 11356 | D:9      | Reached skill level 1 in Shields
 11517 | D:9      | Noticed an ice statue
 11523 | D:9      | Found a radiant altar of Vehumet.
 11917 | D:9      | Noticed an elephant
 12280 | D:9      | Found a staircase to the Lair.
 12462 | D:9      | Found a snail-covered altar of Cheibriados.
 12796 | D:10     | Entered Level 10 of the Dungeon
 13112 | D:10     | Reached skill level 9 in Summonings
 13450 | D:10     | Found a burning altar of Makhleb.
 13827 | Lair:1   | Entered Level 1 of the Lair of Beasts
 13930 | Lair:1   | Noticed Nergalle
 13950 | Lair:1   | Killed Nergalle
 13951 | Lair:1   | Reached skill level 5 in Air Magic
 14053 | Lair:1   | Noticed a cane toad
 14075 | Lair:1   | Killed a cane toad
 14360 | Lair:1   | Noticed a cane toad
 14370 | Lair:1   | Killed a cane toad
 14432 | Lair:1   | Reached XP level 11. HP: 61/61 MP: 9/20
 15044 | Lair:2   | Reached * piety under Sif Muna
 15395 | Lair:2   | Found a hole to the Spider Nest.
 15628 | Lair:2   | Noticed a five-headed hydra
 16300 | Lair:2   | Killed a five-headed hydra
 16301 | Lair:2   | Reached skill level 1 in Invocations
 17143 | Lair:3   | Noticed a five-headed hydra
 17252 | Lair:3   | Reached skill level 10 in Summonings
 17684 | Lair:3   | Killed a five-headed hydra
 17684 | Lair:3   | Reached ** piety under Sif Muna
 17829 | Lair:3   | Noticed an eight-headed hydra
 17847 | Lair:3   | Killed an eight-headed hydra
 18043 | Lair:3   | Noticed a necromancer
 18058 | Lair:3   | Killed a necromancer
 18739 | Lair:4   | Found a transporter.
 18741 | Lair:4   | Found a transporter.
 19908 | Lair:4   | Noticed a boulder beetle
 19909 | Lair:4   | Noticed a boulder beetle
 19909 | Lair:4   | Noticed a six-headed hydra
 20207 | Lair:4   | Reached XP level 12. HP: 66/66 MP: 9/21
 20294 | Lair:4   | Killed a six-headed hydra
 20763 | Lair:4   | Noticed a boulder beetle
 20928 | Lair:5   | Identified the +7 long sword of the Pits of Slime {elec,
                  | rN++ Str+5 Int-2}
 21010 | Lair:5   | Reached skill level 5 in Invocations
 21618 | Lair:5   | Noticed a death yak
 21640 | Lair:5   | Killed a death yak
 22074 | Lair:5   | Identified the +2 plate armour of Dithmenos's Regard
                  | {+Blink rF+}
 22472 | Lair:5   | Noticed a death yak
 22474 | Lair:5   | Noticed a death yak
 22487 | Lair:5   | Killed a death yak
 22488 | Lair:5   | Reached skill level 11 in Summonings
 22493 | Lair:5   | Killed a death yak
 22858 | Lair:6   | Entered Level 6 of the Lair of Beasts
 22882 | Lair:6   | Reached skill level 1 in Fighting
 23334 | Lair:6   | Noticed a four-headed hydra
 23372 | Lair:6   | Noticed a four-headed hydra
 23421 | Lair:6   | Found a staircase to the Slime Pits.
 23421 | Lair:6   | Found a viscous altar of Jiyva.
 23520 | Lair:6   | Reached *** piety under Sif Muna
 23542 | Lair:6   | Killed a four-headed hydra
 23744 | Lair:6   | Killed a four-headed hydra
 23891 | Lair:6   | Noticed a death yak
 23973 | Lair:6   | Noticed a death yak
 24891 | Lair:6   | Noticed a death yak
 24981 | Lair:6   | Killed a death yak
 25005 | Lair:6   | Killed a death yak
 25023 | Lair:6   | Killed a death yak
 25024 | Lair:6   | Reached skill level 10 in Ice Magic
 25283 | Lair:6   | Reached XP level 13. HP: 63/77 MP: 6/22
 26305 | Lair:6   | Noticed a dire elephant
 26337 | Lair:6   | Killed a dire elephant
 26710 | Lair:6   | Identified the ring "Zidd" {Ice rPois rN+ Str+5 Dex-4}
 26934 | Lair:6   | Found a blossoming altar of Fedhas.
 27487 | D:11     | Found a glowing golden altar of the Shining One.
 28597 | D:12     | Identified the +3 spear "Meppusib" {venom, rF++}
 29180 | D:12     | Found a staircase to the Orcish Mines.
 30013 | D:12     | Noticed Nessos
 30020 | D:12     | Killed Nessos
 30238 | D:12     | Found a shimmering blue altar of Sif Muna.
 30481 | Orc:1    | Entered Level 1 of the Orcish Mines
 30739 | Orc:1    | Reached skill level 12 in Summonings
 30741 | Orc:1    | Noticed an ettin
 30743 | Orc:1    | Reached **** piety under Sif Muna
 30750 | Orc:1    | Killed an ettin
 30751 | Orc:1    | Reached skill level 5 in Fighting
 30770 | Orc:1    | Found Loamilef's Antique Armour Shop.
 31290 | Orc:2    | Entered Level 2 of the Orcish Mines
 31528 | Orc:2    | Noticed Saint Roka
 31812 | Orc:2    | Reached ***** piety under Sif Muna
 31914 | Orc:2    | Found a staircase to the Elven Halls.
 32500 | Orc:2    | Found a runed translucent gate.
 32500 | Orc:2    | Found a runed translucent gate.
 32500 | Orc:2    | Found a runed translucent gate.
 32503 | Orc:2    | Noticed Eptagon's ghost (journeyman DEIE)
 32504 | Orc:2    | Identified the +0 kite shield of Mirth {Drain rCorr Int+2
                  | Stlth+}
 32504 | Orc:2    | Noticed an orc warlord
 33329 | Orc:2    | Identified Acrigyip's Almanac of Supportive Flames (Sif
                  | Muna gifted it to you on level 2 of the Orcish Mines)
 33329 | Orc:2    | Received a gift from Sif Muna
 33361 | Orc:1    | Learned a level 7 spell: Monstrous Menagerie
 34018 | Orc:2    | Killed Saint Roka
 34074 | Orc:2    | Paralysed by an orc sorcerer for 6 turns
 34720 | Orc:2    | Found Ugexuten's Assorted Antiques.
 34720 | Orc:2    | Found Elaru's Jewellery Boutique.
 34721 | Orc:2    | Found Weinysh's Antique Armour Shop.
 34725 | Orc:2    | Found Fiuxad's Book Shop.
 35003 | Orc:2    | Bought the amulet "Uxze" {Will++ Regen+ Str+3 Stlth+} for
                  | 872 gold pieces
 35258 | D:13     | Reached skill level 10 in Air Magic
 35322 | D:13     | Found Katenit's Armour Emporium.
 35363 | D:13     | Reached XP level 14. HP: 83/89 MP: 11/25
 36339 | D:13     | Found a gate to the Vaults.
 38443 | D:15     | Entered Level 15 of the Dungeon
 38760 | D:15     | Collided with a rock wall

Illustrated notes

Levels and vault maps discovered:
D:1:      dpeg_arrival_fog, layout_loops_corners
D:2:      layout_loops_cross, shapermc_ecumenical_altar_mp_highgroup,
          kennysheep_small_spiral, uniq_jessica, uniq_robin
D:3:      layout_basic, ebering_ghost_sewer_d, cheibrodos_gnoll_hut,
          uniq_sigmund, uniq_grinder, uniq_ijyb
D:4:      layout_rooms, amcnicky_altar_gilded, sigmund_army, uniq_eustachio
D:5:      layout_basic, nicolae_ossuary_entry_giza
D:6:      layout_loops_ring
D:7:      layout_gridville, chequers_temple_overflow_statue_of_worship,
          minmay_temple_entry_wispy, minmay_hedge_maze
D:8:      layout_loops_ring, uniq_maggie, uniq_pikel
D:9:      layout_gridville, vehumet_altar_wand_db,
          nicolae_overflow_crystal_walls, cheibriados_altar_1,
          david_lair_generic, minmay_splitting_lines, kennysheep_cluttered_room,
          minmay_statue_bubble
D:10:     layout_basic, general_overflow_altar
D:11:     layout_roguey, nicolae_tso_carved_into_rock
D:12:     layout_irregular_city, orc_0_dummy, minmay_variable_closet,
          kennysheep_orc_sif_temple, uniq_nessos
D:13:     layout_cave_pools, ximxim_vaults_locker_room, serial_co_window_serial,
          co_window_paths_a, co_window_corner_a, co_window_paths_a,
          co_window_paths_a, co_window_paths_b, co_window_paths_a,
          co_window_of_opportunity_b, co_window_corner_cb, co_window_corner_cb,
          serial_shops, shop
D:14:     layout_cave_pools, hangedman_decor_peaks_small
D:15:     grunt_enter_depths_magical_seal, layout_loops_cross,
          nicolae_wu_jian_immortal_techniques, uniq_kirke, uniq_agnes
Temple:   regret_index_temple_waves
Lair:1:   layout_big_grid, uniq_nergalle
Lair:2:   layout_loops_ring, spider_nest_entry_web_field
Lair:3:   layout_small_grid, eino_house_with_fridge
Lair:4:   gammafunk_boulding_lane, layout_cellular_growth,
          palyth_hydra_swamp_entry, st_stairs_11, infiniplex_staircase_pool,
          lemuel_fruit_tree
Lair:5:   layout_misc_corridors
Lair:6:   grunt_lair_end_beastmaster, layout_hall_layers, slime_altar_1,
          fungi_pond_lemuel, tgw_fedhas, serial_bayou_shore_b
Orc:1:    layout_caves, serial_shops, shop, nicolae_orc_lost_temple
Orc:2:    st_orc_mages, layout_caves, biasface_ghost_orc_armoury,
          uniq_saint_roka

Skill      XL: |  1  2  3  4  5  6  7  8  9 10 11 12 13 14 |
---------------+-------------------------------------------+-----
Dodging        | 3 4 5 6 7 |  7.4
Spellcasting   | 3 4 5 6 7 8 |  8.1
Summonings     | 5 6 7 8 9 10 11 12 | 12.7
Ice Magic      | 2 4 5 7 8 10 | 10.0
Air Magic      | 3 5 7 8 10 | 10.0
Bows           | 1 2 |  2.1
Shields        | 3 4 |  4.0
Invocations    | 4 6 8 9 |  9.3
Fighting       | 3 5 6 |  6.7
Stealth        | |  2.6

Action                   |  1- 3 |  4- 6 |  7- 9 | 10-12 | 13-15 || total
-------------------------+-------+-------+-------+-------+-------++-------
Melee: Hand axe          |    11 |       |       |       |       ||    11
       Unarmed           |     5 |       |       |       |       ||     5
       Constrict         |     6 |     5 |     2 |    10 |    35 ||    58
       Tentacles         |     1 |     2 |     2 |    15 |    34 ||    54
       Club              |     2 |    29 |     8 |    68 |    18 ||   125
       Spear             |       |       |       |       |   146 ||   146
       Long sword        |       |       |       |       |     7 ||     7
 Fire: Longbow           |    12 |    28 |    97 |    71 |       ||   208
Throw: Javelin           |       |     1 |       |       |       ||     1
 Cast: Summon Small Mamm |    25 |     1 |       |       |       ||    26
       Call Imp          |     5 |    28 |    14 |       |       ||    47
       Call Canine Famil |       |     8 |    32 |    39 |    16 ||    95
       Summon Ice Beast  |       |       |    33 |   193 |   203 ||   429
       Ozocubu's Armour  |       |       |     1 |     3 |     8 ||    12
       Summon Lightning  |       |       |       |    84 |    80 ||   164
       Monstrous Menager |       |       |       |       |     3 ||     3
Invok: Channel Magic     |       |       |       |     2 |     6 ||     8
Evoke: Wand              |       |       |     4 |     9 |    21 ||    34
  Use: Scroll            |     3 |     4 |     7 |     8 |     5 ||    27
       Potion            |       |       |     1 |     1 |     4 ||     6
 Stab: Sleeping          |     2 |     4 |       |       |     1 ||     7
       Distracted        |       |       |       |     3 |     3 ||     6
Armor: Skin              |     2 |     2 |     2 |     5 |    16 ||    27
Dodge: Dodged            |    18 |    18 |    49 |   104 |    99 ||   288
Block: Buckler           |       |       |       |    38 |    88 ||   126
       Reflection        |       |       |       |       |    14 ||    14

Table legend: (Time is in decaauts)
 A = Elapsed time spent in this place.
 B = Non-inter-level travel time spent in this place.
 C = Inter-level travel time spent in this place.
 D = Time resting spent in this place.
 E = Time spent auto-exploring this place.
 F = Levels seen in this place.
 G = Mean time per level.
                   A        B        C        D        E       F      G
               +--------+--------+--------+--------+--------+-----+--------+
         Total |  38985 |  36743 |   2242 |  14051 |  14647 |  25 | 1559.4 |
       Dungeon |  20371 |  19208 |   1163 |   5632 |   9225 |  15 | 1358.1 |
        Temple |    141 |    116 |     25 |      0 |     96 |   1 |  141.0 |
          Lair |  13424 |  12822 |    602 |   6303 |   3947 |   6 | 2237.3 |
  Orcish Mines |   4613 |   4162 |    451 |   1927 |   1379 |   2 | 2306.5 |
       Ossuary |    433 |    433 |      0 |    189 |      0 |   1 |  433.0 |
               +--------+--------+--------+--------+--------+-----+--------+

Top non-repeatable levels by time:
  Lair:6: 4005 daAuts
   Orc:1: 2402 daAuts
  Lair:4: 2361 daAuts
     D:9: 2222 daAuts
   Orc:2: 2211 daAuts
    D:13: 2192 daAuts
  Lair:5: 2162 daAuts
  Lair:3: 2102 daAuts
    D:12: 2003 daAuts
     D:3: 1994 daAuts
  Lair:2: 1742 daAuts
     D:1: 1442 daAuts
     D:5: 1402 daAuts
    D:11: 1254 daAuts
     D:6: 1213 daAuts
